 Dungeon Crawl Stone Soup version 0.28.0 (webtiles) character file.

Game seed: 5078891952324892830

1954038 PieDemon the Acrobat (level 27, 304/304 HPs)
             Began as a Djinni Summoner on Feb 6, 2022.
             Was a High Priest of Elyvilon.
             Escaped with the Orb
             ... and 3 runes on Feb 8, 2022!
             The game lasted 05:54:03 (48665 turns).

PieDemon the Acrobat (Djinni Summoner)             Turns: 48665, Time: 05:54:04

Health: 304/304    AC: 20    Str: 22    XL:     27
Gold:   4054       EV: 21    Int: 27    God:    Elyvilon [*****.] SH:  0 Dex: 18

rFire   + + .      SeeInvis +     - Unarmed
rCold   . . .      Faith    .   (shield currently unavailable)
rNeg    . . .      Spirit   .   (armour currently unavailable)
rPois   ∞          Reflect  .   (helmet currently unavailable)
rElec   .          Harm     .   (cloak currently unavailable)
rCorr   .          Rampage  .   (gloves currently unavailable)
Will    ++...      Clarity  +   (boots unavailable)
Stlth   +.........              z - amulet of regeneration
HPRegen 1.40/turn               u - ring "Wehon" {AC+4 Dex+2 SInv}
MPRegen 0.00/turn               y - ring "Ocuozxa" {+Blink rC+ Str+5}

@: dragon-form, flying
A: dragon claw, dragon scales, breathe fire, flying, boosted hp, sickness
immunity, giant, (fire resistance 2), (cold vulnerability 1), float, innate
caster, HP casting, extra vitality 1, clarity, mutation resistance 1, weak 1, no
potion heal 1
0: Orb of Zot
}: 3/15 runes: decaying, slimy, gossamer
a: Breathe Fire, End Transformation, Renounce Religion, Evoke Blink,
Purification, Heal Other, Heal Self, Divine Vigour


You escaped.
You worshipped Elyvilon.
Elyvilon was extremely pleased with you.
You were a fearsome dragon!
You visited 10 branches of the dungeon, and saw 50 of its levels.
You also visited: Bailey, Gauntlet and Ice Cave.

You collected 5270 gold pieces.
You spent 1216 gold pieces at shops.

Inventory:

Missiles
 i - 5 throwing nets
Armour
 a - +0 ice dragon scales (melded)
 l - the +1 helmet of Sasaasotul (melded) {rF+ Regen+ Dex+2}
   (You found it in a Gauntlet)

   Dex:       It affects your dexterity (+2).
   rF:        It protects you from fire.
   Regen:     It increases your rate of health regeneration.
 C - a +2 cloak (melded)
 W - a +3 buckler of protection (melded)
Jewellery
 p - an amulet of faith
 u - the ring "Wehon" (left foreclaw) {AC+4 Dex+2 SInv}
   (You acquired it on level 5 of the Pits of Slime)

   [ring of protection]

   AC:        It affects your AC (+4).
   Dex:       It affects your dexterity (+2).
   SInv:      It lets you see invisible.
 v - a ring of resist corrosion
 w - the ring of Fyleecs {rElec rN+ Str+3 Dex+4}
   (You acquired it on level 11 of the Dungeon)

   [ring of positive energy]

   Str:       It affects your strength (+3).
   Dex:       It affects your dexterity (+4).
   rElec:     It insulates you from electricity.
   rN:        It protects you from negative energy.
 x - a ring of willpower
 y - the ring "Ocuozxa" (right foreclaw) {+Blink rC+ Str+5}
   (You bought it in a shop on level 9 of the Dungeon)

   [ring of protection from cold]

   Str:       It affects your strength (+5).
   rC:        It protects you from cold.
   +Blink:    It lets you blink.
 z - an amulet of regeneration (around neck)
 E - the ring "Ubott" {rF+ Dex+6 Slay+4}
   (You found it on level 14 of the Dungeon)

   [ring of slaying]

   Dex:       It affects your dexterity (+6).
   Slay:      It affects your accuracy & damage with ranged weapons and melee
   (+4).
   rF:        It protects you from fire.
 G - the ring "Ussexaus" {+Blink rN+ AC+4 Str-2}
   (You found it on level 5 of the Pits of Slime)

   [ring of protection]

   AC:        It affects your AC (+4).
   Str:       It affects your strength (-2).
   rN:        It protects you from negative energy.
   +Blink:    It lets you blink.
 H - an amulet of the acrobat
 P - a ring of willpower
 R - a ring of protection from cold
Wands
 k - a wand of digging (20)
 o - a wand of paralysis (17)
 r - a wand of acid (18)
 A - a wand of iceblast (52)
 O - a wand of charming (2)
Scrolls
 b - 14 scrolls of teleportation
 e - 5 scrolls of silence
 g - 7 scrolls of fear
 j - 3 scrolls of holy word
 m - a scroll of immolation
 n - 8 scrolls of vulnerability
 s - 8 scrolls of fog
 L - 6 scrolls of blinking
 N - 4 scrolls of summoning
 S - 4 scrolls of magic mapping
Potions
 c - 2 potions of might
 d - 12 potions of lignification
 f - 11 potions of ambrosia
 h - 20 potions of curing
 q - 3 potions of heal wounds
 t - a potion of haste
 B - 2 potions of berserk rage
 F - 4 potions of mutation
 I - 10 potions of attraction
 J - 3 potions of resistance
 K - 2 potions of cancellation
 M - 7 potions of invisibility
 T - 4 potions of brilliance
Miscellaneous
 D - a phial of floods
 Q - a tin of tremorstones (2/2)


   Skills:
 + Level 19.3 Fighting
 - Level 6.0 Short Blades
 - Level 6.0 Armour
 * Level 24.4 Dodging
 - Level 2.0 Stealth
 - Level 6.0 Shields
 + Level 21.9 Unarmed Combat
 - Level 16.0 Spellcasting
 - Level 16.0 Invocations
 - Level 6.0 Evocations


You couldn't memorise any spells.
You knew the following spells:

 Your Spells              Type           Power      Damage    Failure   Level
a - Summon Lightning Spi  Summ/Air       83%        N/A       1%          4
b - Summon Mana Viper     Hex/Summ       83%        N/A       1%          5
c - Call Canine Familiar  Summ           83%        N/A       0%          3
d - Searing Ray           Conj           100%       2d8       0%          2
e - Ensorcelled Hibernat  Hex/Ice        100%       N/A       0%          2
f - Dragon Form           Tmut           41%        N/A       2%          7
g - Statue Form           Tmut/Erth      55%        N/A       1%          6
h - Eringya's Noxious Bo  Tmut/Pois      41%        N/A       1%          6
i - Passage of Golubria   Tloc           83%        N/A       1%          4
j - Summon Guardian Gole  Hex/Summ       83%        N/A       0%          3
k - Animate Armour        Summ/Erth      100%       N/A       1%          4
l - Summon Small Mammal   Summ           100%       N/A       0%          1
m - Simulacrum            Ice/Necr       41%        N/A       1%          6
n - Call Imp              Summ           83%        N/A       0%          2
o - Infestation           Necr           41%        N/A       22%         8
p - Pain                  Necr           100%       1d9       0%          1
q - Chain Lightning       Conj/Air       41%        3d55      97%         9
r - Fire Storm            Conj/Fire      41%        8d11      97%         9
Your spell library was empty.

Dungeon Overview and Level Annotations

Branches:
Dungeon (15/15)            Temple (1/1) D:4            Lair (6/6) D:8
  Swamp (4/4) Lair:2       Spider (4/4) Lair:4        Slime (5/5) Lair:6
    Orc (2/2) D:10            Elf (0/3) Orc:2        Vaults (4/5) D:13
  Crypt (0/3) Vaults:3     Depths (4/4) D:15            Zot (5/5) Depths:4
 Bailey (visited)           IceCv (visited)         Gauntlet (visited)

Altars:
Ashenzari
Cheibriados
Dithmenos
Elyvilon
Fedhas
Gozag
Hepliaklqana
Kikubaaqudgha
Makhleb
Nemelex Xobeh
Okawaru
Qazlal
Ru
Sif Muna
Trog
Uskayaw
Vehumet
Wu Jian
Xom
Yredelemnul
Zin
The Shining One
Beogh
Jiyva
Lugonu

Shops:
D:8 *!   D:9 =   Orc:2 [[(*   Vaults:4 *   Depths:2 =:=

Portals:
Hell: Depths:1 Depths:4
Abyss: Lair:6 Depths:2
Pandemonium: Depths:2 Depths:4
Ziggurat: Depths:4

Annotations:
D:1 exclusion: downstairs
D:6 exclusion: 2 downstairs
D:12 6 runed translucent doors
D:14 3 runed translucent doors, RBrandon's ghost, journeyman MfFE
D:15 2 transporters, Bananafolds's ghost, adept NaVM
Lair:4 exclusion: downstairs
Swamp:3 exclusion: 2 downstairs
Spider:2 exclusion: 2 downstairs
Depths:2 exclusion: obsidian statue
Zot:1 exclusion: 2 downstairs
Zot:4 3 runed translucent doors, Lagoeb's ghost, legendary DjSu
Zot:5 exclusion: 2 upstairs


Innate Abilities, Weirdness & Mutations

You are a fearsome dragon!
You have a powerful clawing attack.
Your giant scaled body is strong and resiliant, but less evasive.
You can breathe fire.
You are flying.
Your maximum health is greatly increased.
Your armour is entirely melded.
You are incapable of wielding weapons or throwing items.
You are immune to sickness and miasma.
You are immune to poison.
((Your flesh is very heat resistant. (rF++)))
((You are vulnerable to cold. (rC-)))
You float through the air rather than walking.
You learn spells naturally, not from books.
Your magical power is your life essence.
You have superior vitality. (+4 MHP)
You possess an exceptional clarity of mind.
You are somewhat resistant to further mutation.
You are weak. (Str -2)
Potions are less effective at restoring your health.


Message History

Things that are here:
a +0 hand axe; 4 stones Some rock shatters into small pieces.
A cacodemon and a sixfirhy come into view.
A sixfirhy comes into view.
The cacodemon closely misses you. The cacodemon misses you.
Unknown command.
You maul the cacodemon!!!!
You claw the cacodemon.
You kill the cacodemon!
You bite the sixfirhy!! You tail-slap the sixfirhy. You bite the sixfirhy!
The sixfirhy is almost dead.
The sixfirhy closely misses you. The sixfirhy misses you. x2
The sixfirhy completely misses you. x2
You closely miss the sixfirhy. You tail-slap the sixfirhy.
You kill the sixfirhy!
The sixfirhy closely misses you.
The sixfirhy hits you but does no damage.
You barely miss the sixfirhy.
You tail-slap the sixfirhy, but do no damage.
Your claw misses the sixfirhy.
The sixfirhy hits you but does no damage. x2
You maul the sixfirhy!!!!
You kill the sixfirhy!
(D) Dungeon (T) Temple (L) Lair (S) Swamp (N) Spider Nest (M) Slime Pits (O) Orcish Mines (E) Elven Halls (V) Vaults (C) Crypt (U) Depths (H) Hell (Z) Zot
Where to? (Enter - D:1 @ (x,y), ? - help)
You see here a +0 club.
There is an escape hatch in the floor here.
A soul eater comes into view.
Your transformation is almost over.
Casting: Dragon Form (mildly dangerous; 2% risk of failure)
Confirm with . or Enter, or press ? or * to list all spells.
You extend your transformation's duration.
Unknown command.
You reach down and open the door.
There is an open door here.
There is a staircase leading out of the dungeon here.
You have escaped!

#
#.##'###
#.#≈.P≈#
#.#P.PP#
#.'..≈♣#
###♣3.P#
#P..♣#
#P♣.≈#
#PP..#
#P≈.D#
######


You could see a soul eater.

Vanquished Creatures
  Dissolution (Slime:4)
  the Royal Jelly (Slime:5)
  3 dread liches (Zot:5)
  3 ancient liches (Zot:5)
  8 orbs of fire
  Mennas (Depths:4)
  2 juggernauts (Depths:1)
  4 Killer Klowns (Zot:5)
  Bai Suzhen (Vaults:4)
  the Lernaean hydra (Swamp:4)
  Xtahua (Depths:4)
  A curse toe (Zot:5)
  A caustic shrike (Depths:1)
  Jory (Vaults:4)
  2 golden dragons
  Arachne (Spider:4)
  11 tentacled monstrosities
  2 Tzitzimimeh
  An electric golem (Zot:5)
  A lich (Depths:2)
  2 Ice Fiends
  25 Orb Guardians (Zot:5)
  A quicksilver dragon (Depths:2)
  19 acid blobs
  An Executioner (Depths:4)
  5 death cobs
  4 tengu reavers
  4 sphinxes
  Kirke (Swamp:3)
  5 storm dragons
  3 shadow dragons
  2 draconian monks (Zot:1)
  3 fire giants
  8 rockslimes
  9 azure jellies
  A draconian knight (Zot:1)
  6 ghost moths
  A fenstrider witch (Swamp:4)
  A deep elf sorcerer (Vaults:2)
  7 vault wardens
  2 iron dragons (Depths:4)
  2 orc warlords
  2 frost giants
  3 balrugs
  5 draconian scorchers
  Louise (Swamp:3)
  Aizul (Spider:4)
  2 draconian shifters (Zot:1)
  2 cacodemons
  6 quicksilver oozes
  9 stone giants
  A demonspawn blood saint (Zot:2)
  2 draconian annihilators (Zot:3)
  17 very ugly things
  19 ironbound preservers
  4 draconian stormcallers
  2 vampire knights
  10 ironbound thunderhulks
  19 dire elephants
  4 entropy weavers
  A demonspawn black sun (Zot:2)
  2 eleionomae
  A lorocyproca (Zot:4)
  3 purple draconians
  7 black draconians
  5 white draconians
  5 yellow draconians
  11 red draconians
  16 spark wasps
  2 green draconians (Depths:4)
  4 bunyips
  7 ettins
  A deep elf high priest (Depths:4)
  2 jiangshi (Depths:1)
  A shambling mangrove (Swamp:4)
  9 yaktaur captains
  14 vault guards
  5 rakshasas
  4 fire dragons
  2 peacekeepers (Vaults:4)
  A quicksilver dragon skeleton (Vaults:1)
  13 great orbs of eyes
  8 ice dragons
  10 hydras
  A hell beast (Zot:5)
  A radroach (Spider:3)
  2 ghost crabs
  6 spriggan air magi
  4 boulder beetles
  13 ironbound frosthearts
  7 centaur warriors
  3 alligators
  3 tengu warriors
  2 death yaks
  2 thrashing horrors (Lair:6)
  5 deep troll shamans
  5 deep troll earth magi
  7 spriggan berserkers
  A soul eater (Depths:2)
  4 vampire magi (Depths:1)
  3 hell knights (Depths:3)
  16 sun demons
  5 iron trolls
  A sun moth (Spider:3)
  3 sixfirhies
  A salamander mystic (Depths:4)
  4 skeletal warriors
  3 pharaoh ants
  4 glowing orange brains
  A goliath frog (Swamp:1)
  4 steelbarb worms
  9 orb spiders
  A flayed ghost (Depths:1)
  4 spriggan druids
  6 swamp dragons
  9 bog bodies
  9 orc knights
  9 lindwurms (Vaults:2)
  65 deep trolls
  A deep elf archer (Spider:2)
  17 ironbound convokers
  11 harpies
  3 necromancers
  10 wizards
  A deep elf pyromancer (Orc:1)
  12 wolf spiders
  A tengu skeleton (Vaults:1)
  A mana viper (shapeshifter) (Depths:1)
  A deep elf zephyrmancer (Orc:1)
  An orc sorcerer (Orc:1)
  4 shining eyes
  28 ugly things
  A salamander (Depths:4)
  6 will-o-the-wisps
  A black mamba (Lair:4)
  24 moths of wrath
  21 vault sentinels
  A human skeleton (Vaults:1)
  A molten gargoyle (Depths:1)
  4 eyes of devastation
  3 smoke demons (Lair:6)
  2 hellions
  5 demonic crawlers
  4 torpor snails
  5 cane toads
  3 orange demons
  A yaktaur (shapeshifter) (Depths:1)
  2 rime drakes (Lair:6)
  23 yaktaurs
  A kobold demonologist (D:12)
  An ancient zyme (Lair:6)
  A red devil (D:13)
  3 tengu conjurers (Depths:1)
  An ice devil (D:13)
  15 meliai
  2 trolls (D:12)
  5 polar bears
  9 tyrant leeches
  27 tarantellas
  16 hornets
  A bloated husk (Swamp:2)
  80 slime creatures
  3 blink frogs
  4 large abominations (Lair:6)
  21 jumping spiders
  18 culicivoras
  A centaur simulacrum (D:15)
  32 yaks
  13 spriggans
  A ynoxinul (Lair:6)
  7 golden eyes
  A hog (Swamp:3)
  42 redbacks
  2 chaos spawn (Lair:6)
  6 vampire mosquitoes
  5 basilisks (Lair:6)
  3 water moccasins
  12 swamp worms
  2 floating eyes
  A hell hound (Spider:2)
  6 swamp drakes
  4 orc warriors
  A black bear (Lair:3)
  2 ogres (D:5)
  15 wolves
  2 boggarts
  3 centaurs
  A phantom (D:5)
  2 human zombies (Vaults:1)
  2 kobold brigands
  6 bullfrogs
  2 scorpions
  Dowan (D:6)
  9 small abominations
  4 wights
  4 electric eels
  7 howler monkeys
  3 centaur zombies
  2 gnoll shamans (D:5)
  A bullfrog skeleton (D:5)
  3 hounds (D:5)
  3 orc priests
  2 jellies
  2 iguanas
  6 orc wizards
  A hell rat (Lair:2)
  A killer bee zombie (D:8)
  A howler monkey zombie (D:5)
  Robin (D:2)
  12 gnolls
  An adder (D:6)
  A dart slug (D:4)
  14 orcs
  5 bats
  3 bat skeletons (D:13)
  A bat zombie (D:13)
  3 endoplasms
  5 giant cockroaches
  17 goblins
  8 hobgoblins
  2 jackals (D:1)
  2 quokkas
  2 ball pythons
  3 frilled lizards
  19 kobolds
  3 rats (D:2)
  A fire vortex (Depths:1)
1358 creatures vanquished.

Vanquished Creatures (collateral kills)
  Rupert (Spider:1)
  2 emperor scorpions (Spider:4)
  A vault warden (Vaults:1)
  A frost giant (IceCv)
  A ghost moth (Spider:4)
  An eleionoma (Swamp:1)
  Nessos (D:13)
  A minotaur (Gauntlet)
  2 entropy weavers
  A dire elephant (Spider:2)
  Josephine (D:10)
  A yaktaur captain (Vaults:3)
  A hell beast (Depths:4)
  A salamander tyrant (Depths:4)
  2 catoblepae
  A boulder beetle (D:15)
  6 vault guards
  9 hydras
  A jorogumo (Spider:4)
  5 centaur warriors
  Erica (D:8)
  5 alligators
  4 two-headed ogres
  6 death yaks
  4 orc high priests (Orc:2)
  Sonja (Orc:2)
  A thrashing horror (Lair:6)
  A pharaoh ant (Spider:4)
  3 goliath frogs
  8 skeletal warriors
  A deep troll (Vaults:3)
  5 swamp dragons
  A steelbarb worm (Spider:3)
  An orb spider (Spider:3)
  6 bog bodies
  A necromancer (D:15)
  A wizard (D:15)
  6 orc knights
  5 deep elf zephyrmancers (Orc:1)
  3 deep elf pyromancers
  4 wolf spiders
  23 ugly things
  6 orc sorcerers
  3 cyclopes
  A moth of wrath (Spider:4)
  4 manticores
  2 will-o-the-wisps (Swamp:4)
  15 elephants
  3 black mambas
  2 torpor snails (Spider:1)
  A cane toad (shapeshifter) (D:14)
  A gargoyle (D:12)
  8 cane toads
  A demonic crawler (Spider:1)
  2 rime drakes
  A centaur skeleton (D:15)
  An unseen horror (D:12)
  5 komodo dragons
  An ancient zyme (Lair:6)
  3 yaktaurs (D:15)
  4 trolls
  9 meliai
  6 polar bears
  4 hornets
  2 tyrant leeches
  A nameless horror (D:14)
  18 blink frogs
  A raiju (Gauntlet)
  6 tarantellas
  6 slime creatures
  Prince Ribbit (D:6)
  3 culicivoras
  9 jumping spiders
  2 spriggans
  4 wyverns
  A vampire (D:12)
  47 yaks
  3 basilisks
  5 wraiths (D:10)
  A chaos spawn (Lair:6)
  9 redbacks
  2 steam dragons
  7 vampire mosquitoes
  5 swamp worms
  6 wargs
  Edmund (D:6)
  An acid dragon (D:8)
  11 water moccasins
  Duvessa (D:6)
  4 large abominations
  2 swamp drakes (Swamp:4)
  29 orc warriors
  A sky beast (D:7)
  2 black bears
  2 necrophages
  3 ogres
  4 boggarts (D:15)
  A centaur (D:12)
  11 wolves
  2 phantoms
  6 bullfrogs
  2 gnoll sergeants (D:9)
  12 small abominations
  A wyvern skeleton (D:7)
  4 killer bees
  12 wights
  4 howler monkeys
  2 centaur zombies
  4 hounds
  A gnoll shaman (D:7)
  10 orc priests
  Crazy Yiuf (D:7)
  An iguana (D:7)
  19 orc wizards
  3 hell rats (Lair:2)
  24 gnolls
  An ufetubus (D:4)
  54 orcs
  2 bat skeletons (D:13)
  2 endoplasms
  A giant cockroach (D:1)
  7 goblins
  A hobgoblin (D:1)
  3 jackals (D:1)
  15 kobolds
  A bat (D:1)
621 creatures vanquished.

Vanquished Creatures (others)
  An orc warlord (Bailey)
  An alligator (Swamp:2)
  2 spriggans (Swamp:4)
  A deep elf knight (Spider:2)
  A wizard (Vaults:3)
  2 bloated husks
  A hornet (Swamp:4)
  A tyrant leech (Swamp:4)
  A golden eye (Slime:5)
  A swamp worm (Swamp:4)
  A swamp drake (Swamp:4)
  A boggart (Vaults:3)
  An orc (Orc:1)
  42 foxfires (Swamp:4)
  52 fungi
  62 plants
171 creatures vanquished.

Grand Total: 2150 creatures vanquished

Notes
Turn   | Place    | Note
-------+----------+-------------------------------------------
     0 | D:1      | PieDemon the Djinni Summoner began the quest for the Orb.
     0 | D:1      | Reached XP level 1. HP: 15/15 MP: 0/0
   481 | D:1      | Reached XP level 2. HP: 9/22 MP: 0/0
   931 | D:1      | Reached skill level 1 in Fighting
  1065 | D:1      | Found a faded altar of an unknown god.
  1241 | D:1      | Reached XP level 3. HP: 19/27 MP: 0/0
  1241 | D:1      | Learned a level 1 spell: Pain
  2078 | D:2      | Noticed Robin
  2591 | D:2      | Reached XP level 4. HP: 28/32 MP: 0/0
  3424 | D:2      | Killed Robin
  3905 | D:3      | Reached XP level 5. HP: 23/38 MP: 0/0
  3905 | D:3      | Learned a level 2 spell: Searing Ray
  4754 | D:4      | Reached XP level 6. HP: 31/46 MP: 0/0
  4860 | D:4      | Found a staircase to the Ecumenical Temple.
  4868 | Temple   | Entered the Ecumenical Temple
  5191 | Temple   | Became a worshipper of Elyvilon the Healer
  5431 | D:4      | Reached skill level 5 in Spellcasting
  5473 | D:4      | Noticed a necrophage
  5480 | D:4      | Killed a necrophage
  5481 | D:4      | Reached skill level 1 in Invocations
  5947 | D:5      | Entered Level 5 of the Dungeon
  5947 | D:5      | Noticed a water moccasin
  5947 | D:5      | Reached * piety under Elyvilon
  5957 | D:5      | Killed a water moccasin
  5958 | D:5      | Reached XP level 7. HP: 28/50 MP: 0/0
  5958 | D:5      | Learned a level 2 spell: Ensorcelled Hibernation
  6467 | D:5      | Identified the +3 leather armour "Tosh" {Contam Str+4 Int+3
                  | Slay-4}
  6507 | D:5      | Reached XP level 8. HP: 29/58 MP: 0/0
  7260 | D:6      | Noticed Prince Ribbit
  7268 | D:6      | Killed Prince Ribbit
  7339 | D:6      | Reached skill level 5 in Fighting
  7428 | D:6      | Reached XP level 9. HP: 51/65 MP: 0/0
  7428 | D:6      | Learned a level 4 spell: Passage of Golubria
  7529 | D:6      | Noticed Edmund
  7540 | D:6      | Killed Edmund
  7769 | D:6      | Noticed Duvessa
  7769 | D:6      | Noticed Dowan
  7775 | D:6      | Killed Dowan
  7781 | D:6      | Killed Duvessa
  8348 | D:6      | Reached skill level 3 in Dodging
  8469 | D:6      | Reached ** piety under Elyvilon
  8843 | D:7      | Reached skill level 5 in Invocations
  9124 | D:7      | Found a transporter.
  9126 | D:7      | Noticed a white ugly thing
  9126 | D:7      | Noticed a cyan ugly thing
  9258 | D:7      | Reached skill level 4 in Dodging
  9342 | D:7      | Found a runed translucent door.
  9343 | D:7      | Noticed Crazy Yiuf
  9360 | D:7      | Killed Crazy Yiuf
  9442 | D:7      | Found a transporter.
  9496 | D:7      | Reached XP level 10. HP: 68/73 MP: 0/0
  9711 | D:8      | Noticed an elephant
  9721 | D:8      | Killed an elephant
  9722 | D:8      | Reached skill level 1 in Shields
  9722 | D:8      | Reached skill level 1 in Evocations
  9757 | D:8      | Found Cyoci's General Store.
  9771 | D:8      | Noticed Erica
  9785 | D:8      | Killed Erica
  9940 | D:8      | Reached skill level 5 in Dodging
  9976 | D:8      | Found a staircase to the Lair.
 10008 | D:8      | Found Risol's Distillery.
 10259 | D:8      | Reached *** piety under Elyvilon
 10810 | D:8      | Reached XP level 11. HP: 74/81 MP: 0/0
 10810 | D:8      | Learned a level 4 spell: Animate Armour
 11749 | D:9      | Found Xiotos's One-of-a-Kind Rings.
 11813 | D:9      | Found a flagged portal.
 11863 | Bailey   | Entered a bailey
 11869 | Bailey   | Noticed an orc warlord
 11979 | Bailey   | Reached skill level 6 in Dodging
 12074 | Bailey   | Found a runed translucent gate.
 12076 | Bailey   | Found a runed translucent gate.
 12078 | Bailey   | Found a runed translucent gate.
 12084 | Bailey   | Noticed an orc knight
 12095 | Bailey   | Killed an orc knight
 12237 | Bailey   | Killed an orc warlord
 12402 | Bailey   | Identified the +0 ring mail "Doubyoda" {rF++ rC+ Slay-4}
 12416 | D:9      | Reached skill level 8 in Dodging
 12416 | D:9      | Reached XP level 12. HP: 94/94 MP: 0/0
 12855 | D:9      | Reached **** piety under Elyvilon
 13394 | D:10     | Entered Level 10 of the Dungeon
 13670 | D:10     | Noticed Josephine
 13680 | D:10     | Killed Josephine
 14150 | D:10     | Found a bloodstained altar of Trog.
 14181 | D:10     | Found an opulent altar of Gozag.
 14289 | D:10     | Reached XP level 13. HP: 86/100 MP: 0/0
 14289 | D:10     | Learned a level 5 spell: Summon Mana Viper
 14365 | D:10     | Found the +8 woodcutter's axe {vorpal}
 14684 | D:10     | Found a staircase to the Orcish Mines.
 14959 | Lair:1   | Entered Level 1 of the Lair of Beasts
 14974 | Lair:1   | Reached skill level 9 in Dodging
 15146 | Lair:1   | Reached ***** piety under Elyvilon
 15259 | Lair:1   | Reached skill level 1 in Short Blades
 16075 | Lair:2   | Noticed an eight-headed hydra
 16082 | Lair:2   | Killed an eight-headed hydra
 16159 | Lair:2   | Noticed an eight-headed hydra
 16162 | Lair:2   | Noticed a four-headed hydra
 16173 | Lair:2   | Killed an eight-headed hydra
 16179 | Lair:2   | Killed a four-headed hydra
 16180 | Lair:2   | Reached skill level 10 in Dodging
 16410 | Lair:2   | Noticed a six-headed hydra
 16416 | Lair:2   | Killed a six-headed hydra
 16417 | Lair:2   | Reached skill level 10 in Invocations
 16447 | Lair:2   | Reached skill level 10 in Spellcasting
 16499 | Lair:2   | Reached ****** piety under Elyvilon
 16776 | Lair:2   | Found a staircase to the Swamp.
 16912 | Lair:3   | Identified the +4 quarterstaff of Ambiguity {vorpal, rCorr
                  | Str+8 Int-4 SInv}
 17129 | Lair:3   | Identified the +5 whip "Celun" {distort, rF+ rCorr Dex+4}
 17142 | Lair:3   | Reached XP level 14. HP: 97/107 MP: 0/0
 17773 | Lair:4   | Found a hole to the Spider Nest.
 17852 | Lair:4   | Reached skill level 1 in Armour
 18966 | Lair:5   | Reached skill level 11 in Dodging
 19405 | Lair:6   | Entered Level 6 of the Lair of Beasts
 19460 | Lair:6   | Identified the +1 leather armour "Quyz" {rPois Dex+7
                  | Stlth-}
 19683 | Lair:6   | Reached skill level 5 in Short Blades
 19990 | Lair:6   | Reached XP level 15. HP: 110/112 MP: 0/0
 19990 | Lair:6   | Learned a level 6 spell: Statue Form
 20222 | Lair:6   | Found a viscous altar of Jiyva.
 20222 | Lair:6   | Found a staircase to the Slime Pits.
 20685 | Orc:1    | Entered Level 1 of the Orcish Mines
 21420 | Orc:2    | Entered Level 2 of the Orcish Mines
 21714 | Orc:2    | Found a staircase to the Elven Halls.
 21923 | Orc:2    | Noticed Sonja
 21959 | Orc:2    | Reached skill level 12 in Dodging
 21962 | Orc:2    | Killed Sonja
 22111 | Orc:2    | Gained mutation: You sometimes lose the ability to read
                  | scrolls when taking damage. [a neqoxec]
 22165 | Orc:2    | Lost mutation: You sometimes lose the ability to read
                  | scrolls when taking damage. [potion of mutation]
 22165 | Orc:2    | Gained mutation: You are resistant to electric shocks.
                  | (rElec) [potion of mutation]
 22165 | Orc:2    | Gained mutation: You do not regenerate when monsters are
                  | visible. [potion of mutation]
 22165 | Orc:2    | Gained mutation: You are agile. (Dex +2) [potion of
                  | mutation]
 22166 | Orc:2    | Lost mutation: You are resistant to electric shocks.
                  | (rElec) [potion of mutation]
 22166 | Orc:2    | Lost mutation: You do not regenerate when monsters are
                  | visible. [potion of mutation]
 22166 | Orc:2    | Gained mutation: You sometimes lose the ability to read
                  | scrolls when taking damage. [potion of mutation]
 22167 | Orc:2    | Lost mutation: You sometimes lose the ability to read
                  | scrolls when taking damage. [potion of mutation]
 22167 | Orc:2    | Lost mutation: You are agile. (Dex +2) [potion of mutation]
 22167 | Orc:2    | Gained mutation: You are somewhat resistant to further
                  | mutation. [potion of mutation]
 22221 | Orc:2    | Found Bups's General Store.
 22221 | Orc:2    | Found Cacex's Antique Armour Emporium.
 22223 | Orc:2    | Found Eheemuf's Antique Weapon Shop.
 22223 | Orc:2    | Found Heeman's Antique Armour Emporium.
 22341 | Orc:2    | Bought a runed kite shield for 172 gold pieces
 22343 | Orc:2    | Bought a shiny buckler for 180 gold pieces
 22457 | D:11     | Found a gate leading to a gauntlet.
 22585 | Gauntlet | Entered a Gauntlet
 22585 | Gauntlet | Found a transporter.
 22585 | Gauntlet | Found a transporter.
 22589 | Gauntlet | Found a transporter.
 22589 | Gauntlet | Found a transporter.
 22599 | Gauntlet | Found a transporter.
 22618 | Gauntlet | Found a transporter.
 22628 | Gauntlet | Found a transporter.
 22628 | Gauntlet | Found a transporter.
 22632 | Gauntlet | Found a transporter.
 22659 | Gauntlet | Found a transporter.
 22666 | Gauntlet | Found a transporter.
 22684 | Gauntlet | Found a transporter.
 22729 | Gauntlet | Found a transporter.
 22747 | Gauntlet | Found a transporter.
 22846 | Gauntlet | Found a transporter.
 22860 | Gauntlet | Found a transporter.
 23064 | Gauntlet | Identified the +1 helmet of Sasaasotul {rF+ Regen+ Dex+2}
 23130 | Gauntlet | Identified the ring "Geaf" {rN+ MP+9}
 23205 | D:11     | Reached skill level 1 in Unarmed Combat
 23225 | D:11     | Identified a scroll of acquirement
 23226 | D:11     | Acquired the ring of Fyleecs {rElec rN+ Str+3 Dex+4}
 23685 | D:12     | Reached XP level 16. HP: 115/118 MP: 0/0
 23705 | D:12     | Reached skill level 13 in Dodging
 23881 | D:12     | Found a runed translucent gate.
 23881 | D:12     | Found a runed translucent gate.
 23881 | D:12     | Found a runed translucent gate.
 23910 | D:12     | Noticed a fire giant
 23911 | D:12     | Noticed a storm dragon
 23964 | D:12     | Found a runed translucent gate.
 23964 | D:12     | Found a runed translucent gate.
 23964 | D:12     | Found a runed translucent gate.
 24301 | D:12     | Noticed a tengu reaver
 24349 | D:13     | Found a frozen archway.
 24380 | IceCv    | Entered an ice cave
 24827 | IceCv    | Reached skill level 5 in Shields
 24827 | IceCv    | Reached skill level 5 in Unarmed Combat
 25232 | IceCv    | Noticed a frost giant
 25279 | IceCv    | Killed a frost giant
 25585 | D:13     | Noticed Nessos
 25613 | D:13     | Killed Nessos
 25673 | D:13     | Found a gate to the Vaults.
 26069 | D:14     | Noticed RBrandon's ghost (journeyman MfFE)
 26070 | D:14     | Found a runed translucent gate.
 26071 | D:14     | Found a runed translucent gate.
 26072 | D:14     | Found a runed translucent gate.
 26075 | D:14     | Noticed a tengu reaver
 26143 | D:14     | Reached skill level 5 in Armour
 26261 | D:14     | Found a sparkling altar of Nemelex Xobeh.
 26397 | D:14     | Identified the ring "Ubott" {rF+ Dex+6 Slay+4}
 26525 | D:14     | Reached XP level 17. HP: 116/123 MP: 0/0
 26525 | D:14     | Learned a level 6 spell: Simulacrum
 26552 | D:14     | Reached skill level 14 in Dodging
 26922 | D:15     | Entered Level 15 of the Dungeon
 27304 | D:15     | Found a transporter.
 27306 | D:15     | Noticed Bananafolds's ghost (adept NaVM)
 27306 | D:15     | Found a transporter.
 27493 | D:15     | Found a staircase to the Depths.
 27859 | D:7      | Found a corrupted altar of Lugonu.
 27921 | D:7      | Identified the +1 leather armour "Qesib" {rElec rPois rN+}
 27996 | D:9      | Bought the ring "Ocuozxa" {+Blink rC+ Str+5} for 594 gold
                  | pieces
 28116 | Swamp:1  | Entered Level 1 of the Swamp
 28907 | Swamp:2  | Reached skill level 5 in Evocations
 29014 | Swamp:2  | Reached skill level 15 in Dodging
 29327 | Swamp:3  | Reached skill level 10 in Unarmed Combat
 29330 | Swamp:3  | Reached XP level 18. HP: 130/130 MP: 0/0
 29589 | Swamp:3  | Noticed Kirke
 29598 | Swamp:3  | Killed Kirke
 29632 | Swamp:3  | Noticed Louise
 29647 | Swamp:3  | Killed Louise
 29695 | Swamp:3  | Identified the +1 chain mail of Protective Custody {rElec
                  | rN+ Int-5 SInv}
 29697 | Swamp:3  | Identified the +0 buckler of Etetup Emoc {rElec}
 29935 | Swamp:4  | Entered Level 4 of the Swamp
 30168 | Swamp:4  | Paralysed by a fenstrider witch for 6 turns
 30244 | Swamp:4  | Noticed a tentacled monstrosity
 30285 | Swamp:4  | Killed a tentacled monstrosity
 30527 | Swamp:4  | Noticed the 27-headed Lernaean hydra
 30532 | Swamp:4  | Killed the 27-headed Lernaean hydra
 30567 | Swamp:4  | Got a decaying rune of Zot
 31008 | Spider:1 | Entered Level 1 of the Spider Nest
 31367 | Spider:1 | Reached skill level 16 in Dodging
 31647 | Spider:1 | Reached XP level 19. HP: 135/135 MP: 0/0
 31647 | Spider:1 | Learned a level 6 spell: Eringya's Noxious Bog
 31966 | Spider:1 | Noticed Rupert
 31974 | Spider:1 | Killed Rupert
 33593 | Spider:3 | Gained mutation: You possess an exceptional clarity of
                  | mind. [mutagenic glow]
 33955 | Spider:4 | Entered Level 4 of the Spider Nest
 33978 | Spider:4 | Noticed Aizul
 33988 | Spider:4 | Killed Aizul
 34163 | Spider:4 | Noticed Arachne
 34184 | Spider:4 | Killed Arachne
 34440 | Spider:4 | Reached XP level 20. HP: 144/144 MP: 0/0
 34461 | Spider:4 | Reached skill level 15 in Unarmed Combat
 34518 | Spider:4 | Got a gossamer rune of Zot
 35199 | Lair:6   | Found a corrupted altar of Lugonu.
 35199 | Lair:6   | Found a one-way gate to the infinite horrors of the Abyss.
 35558 | Vaults:1 | Entered Level 1 of the Vaults
 36803 | Vaults:2 | Reached XP level 21. HP: 152/152 MP: 0/0
 36803 | Vaults:2 | Learned a level 8 spell: Infestation
 36830 | Vaults:2 | Reached skill level 17 in Dodging
 38076 | Vaults:3 | Reached skill level 15 in Fighting
 38212 | Vaults:3 | Found a staircase to the Crypt.
 38288 | Vaults:3 | Reached skill level 18 in Dodging
 38292 | Vaults:3 | Reached XP level 22. HP: 161/161 MP: 0/0
 38822 | Vaults:3 | Identified the +2 pair of gloves of Bososm {Harm}
 39821 | Vaults:4 | Found Syre's Assorted Antiques.
 39823 | Vaults:4 | Noticed Jory
 39838 | Vaults:4 | Killed Jory
 39856 | Vaults:4 | Bought a vibrating copper ring for 150 gold pieces
 39856 | Vaults:4 | Identified the ring "Mauluen" {Fly Will- Str+4} (You bought
                  | it in a shop on level 4 of the Vaults)
 39856 | Vaults:4 | Bought an encrusted bone wand for 120 gold pieces
 40165 | Vaults:4 | Noticed Bai Suzhen
 40182 | Vaults:4 | Killed Bai Suzhen
 40263 | Vaults:4 | Reached skill level 19 in Dodging
 40979 | Slime:1  | Entered Level 1 of the Pits of Slime
 40999 | Slime:1  | Reached XP level 23. HP: 169/169 MP: 0/0
 40999 | Slime:1  | Learned a level 7 spell: Dragon Form
 41184 | Slime:3  | Reached skill level 15 in Spellcasting
 41215 | Slime:4  | Noticed Dissolution
 41220 | Slime:4  | Paralysed by a floating eye for 4 turns
 41225 | Slime:4  | Killed Dissolution
 41296 | Slime:4  | Reached skill level 15 in Invocations
 41368 | Slime:5  | Entered Level 5 of the Pits of Slime
 41420 | Slime:5  | Noticed the Royal Jelly
 41430 | Slime:5  | Killed the Royal Jelly
 41601 | Slime:5  | Found the +8 autumn katana {vorpal, manifold assault}
 41604 | Slime:5  | Identified the ring "Ussexaus" {+Blink rN+ AC+4 Str-2}
 41607 | Slime:5  | Identified the +6 morningstar of Contradiction {flame,
                  | *Rage rElec rPois rCorr}
 41618 | Slime:5  | Identified the +4 trident of Raiwikus {elec, rC+ SInv}
 41634 | Slime:5  | Got a slimy rune of Zot
 41673 | Slime:5  | Identified the +6 hunting sling "Itwuat" {freeze, Str+2}
 41708 | Slime:5  | Acquired the ring "Wehon" {AC+4 Dex+2 SInv}
 42060 | Depths:1 | Entered Level 1 of the Depths
 42472 | Depths:1 | Noticed a juggernaut
 42481 | Depths:1 | Killed a juggernaut
 42491 | Depths:1 | Reached XP level 24. HP: 172/175 MP: 0/0
 42569 | Depths:1 | Identified the +6 glaive of Tumult {flame, rF+}
 42684 | Depths:1 | Noticed a caustic shrike
 42690 | Depths:1 | Killed a caustic shrike
 42901 | Depths:1 | Noticed a juggernaut
 43070 | Depths:1 | Reached skill level 20 in Dodging
 43132 | Depths:1 | Found a gateway to Hell.
 43360 | Depths:1 | Paralysed by a floating eye for 3 turns
 43385 | Depths:1 | Paralysed by a floating eye for 3 turns
 43494 | Depths:1 | Identified the +9 war axe "Ogrebane" {antimagic, rElec rF+
                  | Will+ Dex-3 SInv}
 43523 | Depths:1 | Killed a juggernaut
 44490 | Depths:2 | Found a burning altar of Makhleb.
 44503 | Depths:2 | Found the +6 arbalest "Damnation" {damnation}
 44615 | Depths:2 | Found a one-way gate leading to the halls of Pandemonium.
 44745 | Depths:2 | Found Assedef's Jewellery Shoppe.
 44745 | Depths:2 | Found Vuerenk's Book Boutique.
 44746 | Depths:2 | Found Tedosm's Jewellery Shoppe.
 44867 | Depths:2 | Found a blossoming altar of Fedhas.
 45109 | Depths:4 | Entered Level 4 of the Depths
 45165 | Depths:4 | Noticed a golden dragon
 45217 | Depths:4 | Found a one-way gateway to a ziggurat.
 45323 | Depths:4 | Found a gate to the Realm of Zot.
 45350 | Depths:4 | Reached XP level 25. HP: 171/184 MP: 0/0
 45350 | Depths:4 | Learned a level 9 spell: Chain Lightning
 45379 | Depths:4 | Noticed Mennas
 45396 | Depths:4 | Killed Mennas
 45581 | Depths:4 | Reached skill level 21 in Dodging
 45710 | Depths:4 | Paralysed by a great orb of eyes for 5 turns
 46085 | Depths:4 | Noticed Xtahua
 46088 | Depths:4 | Paralysed by Xtahua for 3 turns
 46094 | Depths:4 | Killed Xtahua
 46170 | Zot:1    | Entered Level 1 of the Realm of Zot
 46187 | Zot:1    | Noticed an orb of fire
 46202 | Zot:1    | Killed an orb of fire
 46437 | Zot:1    | Noticed an orb of fire
 46445 | Zot:1    | Killed an orb of fire
 47019 | Zot:4    | Reached skill level 22 in Dodging
 47068 | Zot:4    | Found a runed translucent gate.
 47068 | Zot:4    | Found a runed translucent gate.
 47068 | Zot:4    | Found a runed translucent gate.
 47068 | Zot:4    | Noticed Lagoeb's ghost (legendary DjSu)
 47085 | Zot:5    | Entered Level 5 of the Realm of Zot
 47286 | Zot:5    | Noticed a curse toe
 47297 | Zot:5    | Killed a curse toe
 47518 | Zot:5    | Reached XP level 26. HP: 190/193 MP: 0/0
 47587 | Zot:5    | Noticed an ancient lich
 47596 | Zot:5    | Noticed an ancient lich
 47598 | Zot:5    | Noticed an orb of fire
 47599 | Zot:5    | Noticed a dread lich
 47599 | Zot:5    | Noticed an orb of fire
 47602 | Zot:5    | Killed an ancient lich
 47602 | Zot:5    | Noticed a Killer Klown
 47605 | Zot:5    | Noticed an orb of fire
 47609 | Zot:5    | Killed an orb of fire
 47614 | Zot:5    | Noticed a Killer Klown
 47615 | Zot:5    | Killed a dread lich
 47619 | Zot:5    | Killed an orb of fire
 47625 | Zot:5    | Killed an ancient lich
 47630 | Zot:5    | Killed a Killer Klown
 47634 | Zot:5    | Killed an orb of fire
 47635 | Zot:5    | Reached skill level 23 in Dodging
 47646 | Zot:5    | Killed a Killer Klown
 47647 | Zot:5    | Noticed an orb of fire
 47650 | Zot:5    | Noticed a dread lich
 47650 | Zot:5    | Noticed an orb of fire
 47650 | Zot:5    | Noticed an orb of fire
 47652 | Zot:5    | Noticed a Killer Klown
 47655 | Zot:5    | Noticed a Killer Klown
 47661 | Zot:5    | Noticed an ancient lich
 47661 | Zot:5    | Gained mutation: You are weak. (Str -2) [an orb of fire]
 47671 | Zot:5    | Noticed a dread lich
 47687 | Zot:5    | Killed a dread lich
 47712 | Zot:5    | Killed a dread lich
 47717 | Zot:5    | Killed a Killer Klown
 47723 | Zot:5    | Killed an orb of fire
 47727 | Zot:5    | Killed an orb of fire
 47735 | Zot:5    | Gained mutation: Potions are less effective at restoring
                  | your health. [an orb of fire]
 47737 | Zot:5    | Killed an orb of fire
 47754 | Zot:5    | Killed an ancient lich
 47820 | Zot:5    | Reached skill level 24 in Dodging
 47832 | Zot:5    | Killed a Killer Klown
 47835 | Zot:5    | Reached XP level 27. HP: 193/202 MP: 0/0
 47835 | Zot:5    | Learned a level 9 spell: Fire Storm
 47930 | Zot:5    | Got the Orb of Zot
 48665 | D:$      | Escaped with the Orb!

Illustrated notes

Levels and vault maps discovered:
D:1:      tarquinn_simple_flora_water_f, layout_rooms, basic_ecumenical_altar
D:2:      layout_loops_ring, serial_forest, infiniplex_forest_straight_3,
          infiniplex_forest_straight_4, infiniplex_forest_lined_room_3,
          infiniplex_forest_end_2, infiniplex_forest_lined_3,
          infiniplex_forest_end_3, infiniplex_forest_straight_4,
          infiniplex_forest_lined_2, uniq_robin
D:3:      layout_rooms
D:4:      layout_rooms, minmay_temple_entry_arrows, serial_bayou,
          serial_bayou_lagoon_a, serial_bayou_pond_c, serial_bayou_shore_b,
          serial_bayou_lagoon_b, roderic_serpentine_path
D:5:      layout_rooms
D:6:      layout_basic, uniq_edmund, uniq_duvessa, uniq_prince_ribbit1
D:7:      gammafunk_corrupted_shrine, layout_rooms, kennysheep_nub,
          uniq_crazy_yiuf_cottage
D:8:      layout_loops_corners, david_lair_generic, serial_shops,
          kennysheep_mini_moat, shop, uniq_erica
D:9:      layout_basic, enter_bailey_5, nicolae_shop_unique_rings,
          minmay_increasing_density
D:10:     layout_stronghold, mainiacjoe_overflow_two_lobes, erik_orc_2,
          uniq_josephine
D:11:     layout_cave_pools, gauntlet_entry_generic, minmay_misc_feat_hallway,
          nicolae_figureground_pulse
D:12:     kennysheep_treasure_stockpile, layout_cave_pools, serial_column_ruins,
          column_ruins_grid_1, column_ruins_grid_1, column_ruins_columns_corner,
          column_ruins_open_tiny, column_ruins_open_medium, column_ruins_grid_1,
          column_ruins_open_tiny
D:13:     layout_cave_pools, erik_vaults_2, portal_ice_cave_entry_pillars_1,
          kennysheep_vampire_church, uniq_nessos
D:14:     layout_stronghold, gammafunk_ghost_split,
          chequers_serial_rivers_large_a, nemelex_spade_bored_becter
D:15:     grunt_enter_depths_magical_seal, layout_rooms, gammafunk_ghost_arena,
          kennysheep_inner_square
Temple:   mainiacjoe_temple_cubbyholes
Lair:1:   layout_regular_city, beast_lair_carwin_5
Lair:2:   layout_regular_city, palyth_hydra_swamp_entry
Lair:3:   layout_cave_pods, grunt_megastairs_4
Lair:4:   layout_roguey, nicolae_spider_entry_tight_spaces
Lair:5:   layout_cave_pods, grunt_megastairs_5, infiniplex_staircase_pool_2
Lair:6:   hellmonk_lair_end_abyssal_woods, layout_regular_city,
          dpeg_slime_entry_enclosed_altar
Swamp:1:  layout_basic_swamp, nicolae_swamp_treefoil
Swamp:2:  layout_falls_marsh, hangedman_swamp_ruin_wall,
          infiniplex_staircase_pool
Swamp:3:  layout_basic_swamp, nicolae_swamp_tree_isthmus, lightli_tree_ring,
          uniq_kirke, uniq_louise
Swamp:4:  grunt_swamp_rune_castle, layout_basic_swamp, swamp_pool2,
          nicolae_swamp_spooky_pond
Spider:1: layout_cave_pods, hellmonk_narrow_tunnel, uniq_rupert
Spider:2: layout_chambers, drop_trap, beargit_elvish_explorers
Spider:3: layout_cave_pods, nicolae_spider_nook
Spider:4: spider_rune_water, hangedman_spider_tarantella_strand, uniq_aizul,
          uniq_arachne
Slime:1:  layout_caves, nicolae_slime_barrier
Slime:2:  layout_caves
Slime:3:  layout_caves
Slime:4:  layout_caves, dissolution_awaits
Slime:5
Orc:1:    layout_diamond_mine, elves_outpost_lemuel
Orc:2:    grunt_orc_tribal_feast, layout_caves, basic_altar,
          lightli_orcish_oven, uniq_sonja
Vaults:1: vaults_room_guarded_vault, vaults_mumra_minichess, v_rooms_6,
          vaults_standard_mumra_lines, hangedman_vaults_snaps,
          vaults_room_hallway, nicolae_vaults_bisected_exclaves, v_misc_29,
          vaults_dpeg_cross, ontoclasm_vaults_shuriken,
          nicolae_vaults_little_squares_1, layout_vaults_maze
Vaults:2: nicolae_vaults_angled_halls, ontoclasm_vaults_ring_square,
          nicolae_vaults_octagons, v_misc_18, nicolae_vaults_ninety_degrees,
          nicolae_vaults_big_angled_halls, nicolae_vaults_little_squares_1,
          ontoclasm_vaults_spin, dpeg_vaults_monster_box,
          layout_vaults_omnicross
Vaults:3: ontoclasm_vaults_tryst, v_rooms_3, nicolae_vaults_asterisk,
          hangedman_vaults_stretched_pinwheel, v_alt_pattern_5,
          ontoclasm_vaults_gallery, ontoclasm_vaults_pinch,
          nicolae_vaults_three_branches, layout_vaults_omnigrid,
          dummy_crypt_entry
Vaults:4: nicolae_vaults_what_the_h, nicolae_vaults_little_squares_5,
          v_pattern_4, hangedman_vaults_stagger,
          ontoclasm_vaults_decontamination, grunt_vaults_diagonal,
          nicolae_vaults_asterisk, nicolae_vaults_triangles,
          vaults_mumra_chevron, nicolae_vaults_quartermaster,
          nicolae_vaults_little_squares_5, nicolae_vaults_alarming,
          layout_vaults_ring, serial_shops, shop, uniq_bai_suzhen, uniq_jory
Depths:1: layout_cave_pools, hell_entry, minmay_misc_feat_columns,
          nicolae_rejected_hall
Depths:2: minmay_the_grid_triangle_9x9_recursive_2
          [minmay_the_grid_triangle_9x9_prize_insulated,
          minmay_the_grid_triangle_9x9_empty,
          minmay_the_grid_triangle_9x9_empty,
          minmay_the_grid_triangle_9x9_shrine], layout_basic,
          hangedman_abyss_entry_splay, grunt_hell_entry_dis_old,
          rand_demon_pan_entry_4, fedhas_altar_4, hangedman_devilish_allure,
          infiniplex_staircase_river, minmay_shop_grove
Depths:3: cheibrodos_witchhunters_guild, layout_cave_shapes,
          nzn_hepliaklqana_mist_gate, serial_glass, glass_columns_b,
          glass_columns_a, nicolae_abyss_entry_one_way_or_another, hell_entry,
          grunt_qazlal_sundering, serial_bayou_shore_b
Depths:4: grunt_zot_entry_tricorne, layout_small_grid, enter_ziggurat_a,
          nicolae_hell_entry_hellmouth_sunbeams, pan_entry, uniq_xtahua,
          uniq_mennas
Zot:1:    layout_gridlike, st_stairs_11, skrybe_zot_glass_3
Zot:2:    layout_gridville, grunt_megastairs_2, uniq_tiamat
Zot:3:    nicolae_moth_party, layout_cathedral_of_symmetry
Zot:4:    hellmonk_paralyzer, layout_twisted_circle, gammafunk_ghost_split,
          lemuel_elevator
Zot:5:    layout_gridlike, hangedman_zot_decor_checkerboard, grunt_ministairs_1,
          lemuel_baited_zot_trap

Skill      XL: |  1  2  3  4  5  6  7  8  9 10 11 12 13 14 15 16 17 18 19 20 21 22 23 24 25 26 |
---------------+-------------------------------------------------------------------------------+-----
Fighting       | 1 2 3 4 5 6 8 11 12 13 14 15 16 17 18 19 | 19.3
Spellcasting   | 4 5 6 7 8 10 11 12 13 14 15 16 | 16.0
Invocations    | 1 2 4 5 6 8 10 11 12 13 14 15 16 | 16.0
Dodging        | 4 5 8 10 11 12 13 15 16 18 19 20 22 24 | 24.4
Stealth        | 2 |  2.0
Shields        | 3 4 6 |  6.0
Evocations     | 3 4 5 6 |  6.0
Short Blades   | 3 5 6 |  6.0
Armour         | 3 4 5 6 |  6.0
Unarmed Combat | 2 7 10 12 14 16 18 19 20 21 | 21.9

Action                   |  1- 3 |  4- 6 |  7- 9 | 10-12 | 13-15 | 16-18 | 19-21 | 22-24 | 25-27 || total
-------------------------+-------+-------+-------+-------+-------+-------+-------+-------+-------++-------
Melee: Unarmed           |    19 |       |       |       |       |   435 |   903 |   989 |   636 ||  2982
       Short sword       |    43 |     2 |       |       |       |       |       |       |       ||    45
       Punch             |     1 |       |       |       |       |       |       |    46 |    32 ||    79
       Flail             |       |     4 |     1 |       |       |       |       |       |       ||     5
       Dagger            |       |       |     1 |       |       |       |       |       |       ||     1
       Rapier            |       |       |     3 |    17 |   357 |   405 |       |       |       ||   782
       Tailslap          |       |       |       |       |       |       |       |    63 |    41 ||   104
       Bite              |       |       |       |       |       |       |       |    34 |    30 ||    64
Throw: Dart              |       |       |       |     1 |       |       |       |       |       ||     1
 Cast: Summon Small Mamm |    15 |     8 |     1 |     3 |       |       |       |       |       ||    27
       Call Imp          |    12 |     4 |       |       |       |       |       |       |       ||    16
       Pain              |    28 |    50 |       |       |       |       |       |       |       ||    78
       Call Canine Famil |       |     3 |    14 |    31 |    68 |    43 |     6 |     1 |       ||   166
       Searing Ray       |       |    15 |    51 |    53 |    47 |    13 |       |       |       ||   179
       Summon Lightning  |       |       |    14 |    33 |   127 |    88 |    25 |     7 |     3 ||   297
       Ensorcelled Hiber |       |       |       |     5 |     5 |     2 |       |       |       ||    12
       Animate Armour    |       |       |       |     2 |       |     1 |       |       |       ||     3
       Summon Guardian G |       |       |       |     2 |       |       |       |       |       ||     2
       Summon Mana Viper |       |       |       |       |   120 |   114 |    32 |     7 |     5 ||   278
       Statue Form       |       |       |       |       |       |    42 |    73 |    50 |    36 ||   201
       Eringya's Noxious |       |       |       |       |       |       |    64 |    65 |    25 ||   154
       Dragon Form       |       |       |       |       |       |       |       |    25 |    14 ||    39
Invok: Heal Self         |       |       |       |       |       |     7 |     7 |     8 |    10 ||    32
       Purification      |       |       |       |       |       |     1 |       |       |       ||     1
 Abil: End Transformatio |       |       |       |       |       |     1 |       |     1 |     3 ||     5
       Evoke Blink       |       |       |       |       |       |     1 |       |     2 |     1 ||     4
       Breathe Fire      |       |       |       |       |       |       |       |     1 |       ||     1
Evoke: Wand              |       |       |       |       |       |     4 |       |     2 |     2 ||     8
       Phial of floods   |       |       |       |       |       |     1 |       |     1 |       ||     2
  Use: Scroll            |       |       |     6 |     7 |    21 |     5 |     1 |     7 |     8 ||    55
       Potion            |       |       |       |     1 |     3 |     5 |       |     3 |    10 ||    22
 Stab: Sleeping          |       |       |       |     3 |     2 |     7 |     1 |     3 |       ||    16
       Distracted        |       |       |       |       |    17 |    21 |     5 |     2 |     3 ||    48
       Invisible         |       |       |       |       |       |     1 |       |       |       ||     1
Armor: Robe              |    24 |     6 |       |       |       |     5 |       |       |       ||    35
       Leather armour    |       |       |     5 |    18 |   101 |    34 |       |       |       ||   158
       Ice dragon scales |       |       |       |       |       |   106 |    35 |    10 |     3 ||   154
       Skin              |       |       |       |       |       |   337 |   580 |   424 |   312 ||  1653
Dodge: Dodged            |    51 |    10 |    38 |    87 |   384 |  1059 |  1526 |  1201 |   618 ||  4974
Block: Buckler           |       |       |       |    12 |    97 |   499 |   631 |   438 |   263 ||  1940
